 Dungeon Crawl Stone Soup version 0.28-a0-511-gcc94558de3 (webtiles) character file.

Game seed: 13312901618929471122

3110 robertstho the Thaumaturge (level 10, -11/67 HPs)
             Began as a Djinni Fire Elementalist on Sept 21, 2021.
             Was an Initiate of Gozag.
             Mangled by a white ugly thing (19 damage)
             ... on level 7 of the Dungeon.
             The game lasted 00:09:20 (8505 turns).

robertstho the Thaumaturge (DjFE)                   Turns: 8505, Time: 00:09:21

Health: -11/67     AC: 10    Str:  7    XL:     10   Next: 13%
Gold:   218        EV: 13    Int: 27    God:    Gozag SH:  0 Dex: 13

rFire   + + +      SeeInvis .   a - +2 short sword (freeze)
rCold   x . .      Faith    .   (no shield)
rNeg    . . .      Spirit   .   w - +1 robe {rF+}
rPois   ∞          Reflect  .   (no helmet)
rElec   .          Harm     .   b - +2 cloak
rCorr   .          Rampage  .   (no gloves)
Will    +....                   (boots unavailable)
Stlth   ++........              (no amulet)
HPRegen 0.21/turn               k - +4 ring of protection
MPRegen 0.00/turn               p - +6 ring of intelligence

@: flying
A: sickness immunity, fire resistance 2, cold vulnerability 1, float, innate
caster, hp casting, extra vitality 1
a: Renounce Religion, Potion Petition, Call Merchant, Bribe Branch


You were on level 7 of the Dungeon.
You worshipped Gozag.
Gozag was aware of your devotion.
You visited 1 branch of the dungeon, and saw 7 of its levels.

You collected 272 gold pieces.
You paid 54 gold pieces to Gozag.

Inventory:

Hand Weapons
 a - a +2 short sword of freezing (weapon)
 h - a +0 dagger
Armour
 b - a +2 cloak (worn)
 w - a +1 robe of fire resistance (worn)
Jewellery
 k - a +4 ring of protection (left hand)
 p - a +6 ring of intelligence (right hand)
 r - a ring of protection from fire
Wands
 q - a wand of digging (6)
Scrolls
 f - 3 scrolls of fog
 i - 2 scrolls of immolation
 j - a scroll of torment
 l - 2 scrolls of teleportation
 m - a scroll of fear
 s - 4 scrolls of blinking
 t - a scroll of enchant weapon
 u - 2 scrolls of magic mapping {unknown}
 x - a scroll of enchant armour {unknown}
 y - a scroll of summoning {unknown}
Potions
 c - a potion of resistance
 d - a potion of heal wounds {unknown}
 e - a potion of lignification {unknown}
 g - a potion of berserk rage
 n - 2 potions of curing {unknown}
 o - a potion of invisibility {unknown}
 v - a potion of magic {unknown}


   Skills:
 * Level 4.0 Fighting
 + Level 1.2 Short Blades
 + Level 3.1 Dodging
 + Level 2.7 Stealth
 * Level 9.8 Spellcasting


You had 5 spell levels left.
You knew the following spells:

 Your Spells              Type           Power      Damage    Failure   Level
a - Foxfire               Conj/Fire      100%       2x1d9     1%          1
b - Scorch                Fire           100%       2d10      1%          2
c - Conjure Flame         Conj/Fire      61%        6-21      1%          3
d - Inner Flame           Hex/Fire       61%        N/A       1%          3
e - Flame Wave            Conj/Fire      61%        3d11      1%          4
f - Freeze                Ice            100%       1d11      1%          1
g - Ensorcelled Hibernat  Hex/Ice        100%       N/A       1%          2
h - Dazzling Flash        Conj/Hex       100%       N/A       1%          3
i - Cause Fear            Hex            30%        N/A       1%          4
Your spell library was empty.

Dungeon Overview and Level Annotations

Branches:
Dungeon (7/15)
 Temple: D:4-7

Altars:
Fedhas
Gozag
Hepliaklqana
Nemelex Xobeh
Xom
Yredelemnul


Innate Abilities, Weirdness & Mutations

You are immune to sickness and miasma.
You are immune to poison.
Your flesh is very heat resistant. (rF++)
You are vulnerable to cold. (rC-)
You float through the air rather than walking.
You learn spells naturally, not from books.
Your magical power is your life essence.
You have superior vitality. (+4 HP)


Message History

The foxfire hits the white ugly thing.
The white ugly thing is lightly wounded.
Unknown command.
Casting: Foxfire (safe; 1% risk of failure)
Press: ? - help, Q - select action, (/) - cycle Dir - look around, f - activate You conjure some foxfire!
Unknown command.
Casting: Foxfire (safe; 1% risk of failure)
Confirm with . or Enter, or press ? or * to list all spells.
Okay, then.
The foxfire hits the white ugly thing!
The white ugly thing is lightly wounded.
Your foxfire dissipates!
A white ugly thing is nearby!
Casting: Foxfire (safe; 1% risk of failure)
Confirm with . or Enter, or press ? or * to list all spells.
Flames lash the white ugly thing.
The white ugly thing is moderately wounded.
The white ugly thing's fire resistance burns away.
Your foxfire dissipates!
Casting: Scorch (safe; 1% risk of failure)
Confirm with . or Enter, or press ? or * to list all spells.
Flames lash the white ugly thing.
The white ugly thing is burned terribly!
The white ugly thing is heavily wounded.
The white ugly thing tail-slaps you. The white ugly thing freezes you!!!
You feel a terrible chill!
Ouch! That really hurt!
* * * LOW HITPOINT WARNING * * *
Casting: Scorch (safe; 1% risk of failure)
Confirm with . or Enter, or press ? or * to list all spells.
Casting: Cause Fear (dangerous; 1% risk of failure)
Press: ? - help, Dir - look around, f - activate The white ugly thing resists with almost no effort.
* * * LOW HITPOINT WARNING * * *
The white ugly thing tail-slaps you!
* * * LOW HITPOINT WARNING * * *
The white ugly thing freezes you!!
You feel a terrible chill!
You die...
Your body crumbles into a pile of gold.

### #.# ###########.#######
#####≈.................
##≈≈≈≈...#######.###.##
#≈≈≈≈≈≈≈..######.###.#####
≈≈≈≈≈≈≈≈≈.........<......###
#≈≈≈≈≈≈≈≈.######.#.#........
#####≈≈≈≈≈#.....@#.#..######
....≈≈≈≈≈.#.####u.....######
....≈≈≈≈.≈#.####.#.#........
....≈≈≈≈≈......(............
.....≈≈.≈.........§....####.
###.≈≈≈≈≈...####............
.....≈≈≈≈...................
###.≈≈≈≈≈...#####...........
....≈.≈≈≈...................


You could see a white ugly thing (combustible).

Vanquished Creatures
  A two-headed ogre (D:7)
  A hornet (D:7)
  Sigmund (D:6)
  A water moccasin (D:7)
  Duvessa (D:6)
  A black bear (D:5)
  An ice beast (D:7)
  A sky beast (D:6)
  2 necrophages
  An ogre (D:4)
  A centaur (D:7)
  2 phantoms
  A bullfrog (D:7)
  2 scorpions
  2 water moccasin zombies (D:6)
  A wyvern zombie (D:6)
  2 water moccasin skeletons (D:4)
  Dowan (D:6)
  A wight (D:7)
  2 howler monkeys
  A centaur zombie (D:7)
  2 bullfrog skeletons (D:6)
  7 jellies
  An iguana (D:4)
  An orc wizard (D:7)
  A killer bee zombie (D:7)
  A hound zombie (D:5)
  A hound skeleton (D:4)
  Robin (D:4)
  A howler monkey skeleton (D:6)
  A howler monkey zombie (D:7)
  4 adders
  A shadow imp (D:6)
  A white imp (D:6)
  2 worms
  4 dart slugs
  7 orcs
  13 endoplasms
  8 giant cockroaches
  13 goblins
  8 hobgoblins
  4 jackals (D:1)
  3 quokkas (D:1)
  9 ball pythons
  6 bats
  2 frilled lizards
  7 kobolds
  3 rats
139 creatures vanquished.

Vanquished Creatures (collateral kills)
  A foxfire (D:1)
1 creature vanquished.

Vanquished Creatures (others)
  417 foxfires
417 creatures vanquished.

Grand Total: 557 creatures vanquished

Notes
Turn   | Place    | Note
-------+----------+-------------------------------------------
     0 | D:1      | robertstho the Djinni Fire Elementalist began the quest for
                  | the Orb.
     0 | D:1      | Reached XP level 1. HP: 15/15 MP: 0/0
   100 | D:1      | Reached XP level 2. HP: 8/21 MP: 0/0
   797 | D:1      | Reached skill level 3 in Spellcasting
   797 | D:1      | Reached XP level 3. HP: 15/26 MP: 0/0
   797 | D:1      | Learned a level 1 spell: Freeze
   968 | D:1      | Reached skill level 1 in Fighting
  2112 | D:2      | Reached XP level 4. HP: 30/32 MP: 0/0
  2855 | D:3      | Found a shimmering altar of Xom.
  2857 | D:3      | Found a shimmering altar of Xom.
  2863 | D:3      | Found a shimmering altar of Xom.
  2863 | D:3      | Found a shimmering altar of Xom.
  2863 | D:3      | Found a shimmering altar of Xom.
  3326 | D:3      | Found a blossoming altar of Fedhas.
  3495 | D:3      | Found a faded altar of an unknown god.
  3816 | D:3      | Reached XP level 5. HP: 34/37 MP: 0/0
  3816 | D:3      | Learned a level 2 spell: Ensorcelled Hibernation
  4219 | D:4      | Reached skill level 4 in Spellcasting
  4510 | D:4      | Noticed a phantom
  4517 | D:4      | Killed a phantom
  4518 | D:4      | Reached XP level 6. HP: 37/43 MP: 0/0
  4681 | D:4      | Noticed an ogre
  4687 | D:4      | Killed an ogre
  4870 | D:4      | Reached XP level 7. HP: 45/49 MP: 0/0
  4870 | D:4      | Learned a level 3 spell: Dazzling Flash
  4922 | D:4      | Noticed Robin
  4928 | D:4      | Reached skill level 5 in Spellcasting
  4932 | D:4      | Killed Robin
  5641 | D:5      | Entered Level 5 of the Dungeon
  5779 | D:5      | Reached skill level 1 in Short Blades
  5790 | D:5      | Reached XP level 8. HP: 39/55 MP: 0/0
  5914 | D:5      | Reached skill level 6 in Spellcasting
  6916 | D:6      | Reached skill level 7 in Spellcasting
  6956 | D:6      | Reached XP level 9. HP: 31/60 MP: 0/0
  6956 | D:6      | Learned a level 4 spell: Cause Fear
  7244 | D:6      | Found a basalt altar of Yredelemnul.
  7595 | D:6      | Noticed Sigmund
  7595 | D:6      | Noticed Dowan
  7598 | D:6      | Noticed Duvessa
  7603 | D:6      | Killed Sigmund
  7604 | D:6      | Reached skill level 8 in Spellcasting
  7605 | D:6      | Killed Dowan
  7607 | D:6      | Killed Duvessa
  7845 | D:6      | Found a hazy altar of Hepliaklqana.
  7846 | D:6      | Found a faded altar of an unknown god.
  7953 | D:6      | Found an opulent altar of Gozag.
  7953 | D:6      | Found a sparkling altar of Nemelex Xobeh.
  7959 | D:6      | Became a worshipper of Gozag Ym Sagoz the Greedy
  8099 | D:7      | Noticed a hornet
  8101 | D:7      | Killed a hornet
  8104 | D:7      | Reached skill level 9 in Spellcasting
  8105 | D:7      | Noticed a two-headed ogre
  8105 | D:7      | Killed a two-headed ogre
  8106 | D:7      | Reached XP level 10. HP: 41/67 MP: 0/0
  8108 | D:7      | Noticed a white ugly thing
  8505 | D:7      | Mangled by a white ugly thing

Illustrated notes

Levels and vault maps discovered:
D:1:      shiori_angband_town, layout_basic
D:2:      layout_loops_ring, kennysheep_generic_room_2
D:3:      layout_basic, xom_redecorated, general_overflow_altar,
          hellmonk_ecumenical_altar_blasted
D:4:      layout_cave_pods, hangedman_decor_points, uniq_robin
D:5:      layout_basic
D:6:      layout_cave_pools, mainiacjoe_overflow_24_doors,
          beargit_hepliaklqana_dungeon_heroes, grunt_temple_overflow_opulence,
          uniq_duvessa
D:7:      hangedman_cross_stitches, layout_basic,
          minmay_temple_entry_statues_pillars, serial_rivers,
          chequers_serial_rivers_large_b, chequers_serial_rivers_room_a,
          chequers_serial_rivers_micro_b, chequers_serial_rivers_micro_e,
          chequers_serial_rivers_large_a, minmay_a_box_with_orc_wizards_in_it,
          uniq_maggie

Skill      XL: |  1  2  3  4  5  6  7  8  9 10 |
---------------+-------------------------------+-----
Spellcasting   | 3 4 5 7 9 |  9.8
Fighting       | 1 2 3 4 |  4.0
Stealth        | 2 |  2.7
Short Blades   | 1 |  1.2
Dodging        | 3 |  3.1

Action                   |  1- 3 |  4- 6 |  7- 9 | 10-12 || total
-------------------------+-------+-------+-------+-------++-------
Melee: Unarmed           |     1 |       |       |       ||     1
       Dagger            |       |    40 |     3 |       ||    43
       Short sword       |       |       |       |     1 ||     1
 Cast: Foxfire           |    84 |    26 |   126 |    11 ||   247
       Scorch            |    10 |    35 |    29 |     5 ||    79
       Flame Wave        |       |       |     5 |     2 ||     7
       Cause Fear        |       |       |       |     1 ||     1
  Use: Scroll            |       |     7 |     2 |       ||     9
       Potion            |       |     1 |       |       ||     1
 Stab: Sleeping          |       |     1 |       |       ||     1
Armor: Robe              |     3 |    25 |    10 |     1 ||    39
Dodge: Dodged            |    15 |    44 |    23 |     1 ||    83

Table legend: (Time is in decaauts)
 A = Elapsed time spent in this place.
 B = Non-inter-level travel time spent in this place.
 C = Inter-level travel time spent in this place.
 D = Time resting spent in this place.
 E = Time spent auto-exploring this place.
 F = Levels seen in this place.
 G = Mean time per level.
                   A        B        C        D        E       F      G
               +--------+--------+--------+--------+--------+-----+--------+
         Total |   8517 |   8273 |    244 |    577 |   6830 |   7 | 1216.7 |
       Dungeon |   8517 |   8273 |    244 |    577 |   6830 |   7 | 1216.7 |
               +--------+--------+--------+--------+--------+-----+--------+

Top non-repeatable levels by time:
     D:3: 1615 daAuts
     D:1: 1524 daAuts
     D:2: 1316 daAuts
     D:5: 1247 daAuts
     D:6: 1215 daAuts
     D:4: 1198 daAuts
     D:7: 400 daAuts
